Map: 시뮬레이크럼 - 래더

Players

Impact

  • Race: Zerg Zerg
  • League: Grandmaster
  • Spawn Location: 11:00

TSGDynaMite (DynaMite) - Winner!

  • Race: Terran Terran
  • League: Master
  • Spawn Location: 5:00

VOD

Have the link to the VOD?

Description

Time

  • Played on: Jan. 15, 2020, 6:13 a.m.
  • Length: 3:30
Show
View Real Time Build Order
Export as new Build Order

Impact Zerg 

Build Orders: Hatch First 

Get SALT Encoding   

  12  0:01  Drone  
  13  0:14  Overlord  
  13  0:18  Drone  
  14  0:32  Drone x2  
  16  0:49  Hatchery  
  15  0:53  Drone  
  15  0:56  Drone  
  17  1:00  Drone  
  18  1:12  Extractor  
  18  1:14  Spawning Pool  
  18  1:17  Drone  
  18  1:25  Drone  
  18  1:33  Drone  
  18  2:01  Zergling x2  
  18  2:02  Zergling x4  
  18  2:03  Queen  
  18  2:05  Zergling x2  
  24  2:14  Zergling x2  
  24  2:18  Zergling x2  
  20  2:42  Drone  
  18  2:56  Drone  
  19  3:05  Overlord  
  19  3:11  Drone  
Show
View Real Time Build Order
Export as new Build Order

TSGDynaMite Terran - Winner!

Build Orders:  

Get SALT Encoding   

  12  0:00  SCV  
  13  0:12  SCV  
  14  0:18  Supply Depot  
  14  0:24  SCV  
  15  0:40  Barracks  
  15  0:51  Barracks  
  15  0:55  SCV  
  16  1:02  Refinery  
  16  1:07  SCV  
  17  1:19  SCV  
  18  1:28  Marine  
  18  1:31  Orbital Command  
  19  1:37  Marine, Supply Depot  
  20  1:46  Marine  
  21  1:56  Marine  
  21  1:59  SCV  
  23  2:04  Bunker  
  23  2:05  Marine  
  24  2:11  SCV  
  24  2:14  Bunker  
  25  2:16  Marine  
  26  2:23  Marine, SCV  
  28  2:34  Marine  
  28  2:35  SCV  
  27  2:41  Marine  
  25  2:44  Factory  
  25  2:47  SCV  
  26  2:51  Marine  
  26  2:58  Supply Depot  
  27  2:59  Marine  
  27  3:00  SCV  
  29  3:14  Command Center  
Tags
 
Add a new tag
Caveats
  • Supply blocks, unpowered buildings, or Contaminate may cause inaccurate times.
  • Supply counts are checked every 10 seconds.